Map: Pylon LE

Players

ManlyManMeat

  • Race: Zerg Zerg
  • League: Diamond
  • Spawn Location: 5:00

IIIIIIIIIIII - Winner!

  • Race: Protoss Protoss
  • League: Diamond
  • Spawn Location: 11:00

VOD

Have the link to the VOD?

Description

Time

  • Played on: July 13, 2025, 4:03 p.m.
  • Length: 8:51
Show
View Real Time Build Order
Export as new Build Order

ManlyManMeat Zerg 

Build Orders: Hatch First 

Get SALT Encoding   

  12  0:00  Drone  
  13  0:07  Drone  
  14  0:15  Drone, Extractor  
  15  0:21  Overlord  
  15  0:46  Drone  
  16  0:52  Drone  
  16  0:54  Hatchery  
  16  0:55  Drone  
  17  1:02  Drone  
  18  1:11  Extractor  
  18  1:16  Spawning Pool  
  16  1:20  Drone x2  
  18  1:36  Drone  
  19  1:44  Drone  
  20  2:04  Queen  
  20  2:07  Queen  
  24  2:08  Zergling x4  
  26  2:21  Metabolic Boost  
  26  2:25  Drone x2  
  26  2:26  Overlord  
  28  2:40  Hatchery  
  27  2:45  Drone  
  27  2:47  Overlord  
  27  2:50  Drone  
  29  2:58  Queen  
  31  3:11  Drone x5  
  36  3:24  Drone x3  
  39  3:40  Drone  
  39  3:41  Drone  
  41  3:44  Spore Crawler x2, Queen  
  41  3:46  Queen  
  43  3:57  Drone x3  
  43  3:59  Drone x2  
  43  4:00  Drone x2  
  49  4:23  Lair  
  49  4:31  Overlord x3  
  49  4:36  Extractor  
  48  4:51  Drone x3  
  48  4:52  Drone x3  
  54  4:53  Zergling x10  
  54  4:54  Zergling x10  
  64  5:12  Overlord x2  
  64  5:15  Drone  
  64  5:17  Extractor x2, Queen  
  64  5:19  Extractor x2, Queen  
  65  5:40  Overlord x2  
  65  5:42  Drone x2  
  67  5:43  Drone  
  67  5:45  Drone  
  67  5:46  Drone  
  67  5:47  Drone x2  
  67  5:48  Drone  
  67  5:49  Overlord x3  
  73  6:01  Queen  
  73  6:02  Overlord x2  
  73  6:03  Overlord  
  75  6:21  Overseer  
  74  6:26  Spire  
  73  6:35  Zergling x18  
  73  6:36  Zergling x4  
  84  6:41  Drone x4  
  84  6:42  Evolution Chamber  
  84  6:43  Evolution Chamber  
  84  6:46  Hatchery  
  85  6:52  Zergling x8  
  78  7:15  Zergling x28  
  40  7:46  Mutalisk x8  
  56  7:56  Roach Warren  
  54  8:05  Drone x2  
Show
View Real Time Build Order
Export as new Build Order

IIIIIIIIIIII Protoss - Winner!

Build Orders: 1 Gate Expand 

Get SALT Encoding   

  12  0:00  Probe  
  13  0:12  Probe  
  14  0:21  Pylon  
  14  0:24  Probe  
  15  0:35  Probe  
  15  0:41  Gateway  
  16  0:43  Probe  
  17  0:51  Assimilator  
  17  0:53  Probe  
  18  1:23  Nexus  
  18  1:34  Probe  
  18  1:35  Cybernetics Core  
  19  1:42  Probe  
  20  1:49  Assimilator  
  20  1:52  Probe  
  20  1:59  Pylon  
  21  2:04  Probe  
  22  2:16  Warp Gate, Probe  
  22  2:17  Adept  
  25  2:28  Probe  
  26  2:32  Probe  
  27  2:39  Probe  
  27  2:40  Probe  
  29  2:47  Probe  
  29  2:50  Stargate, Probe  
  30  2:55  Probe  
  31  3:02  Probe  
  31  3:04  Pylon  
  32  3:07  Probe  
  32  3:12  Probe  
  33  3:15  Assimilator  
  33  3:19  Probe  
  35  3:20  Probe  
  36  3:28  Probe  
  36  3:29  Void Ray  
  36  3:31  Probe  
  42  3:40  Probe  
  43  3:43  Probe  
  43  3:44  Twilight Council  
  44  3:52  Pylon, Probe  
  44  3:55  Probe  
  46  4:04  Probe  
  46  4:07  Probe  
  52  4:11  Charge  
  52  4:12  Void Ray  
  52  4:15  Robotics Facility  
  52  4:18  Pylon  
  52  4:26  Gateway x2  
  52  4:35  Gateway  
  52  4:37  Gateway  
  52  4:43  Gateway  
  52  4:46  Gateway  
  52  4:49  Gateway  
  52  4:56  Gateway  
  52  4:57  Gateway  
  52  5:01  Warp Prism  
  54  5:07  Gateway  
  54  5:10  Pylon  
  54  5:14  Pylon  
  54  5:21  Pylon  
  54  5:23  Pylon  
  54  5:25  Pylon  
  54  5:29  Pylon  
  54  5:30  Pylon  
  54  6:14  Zealot x10  
  74  6:39  Sentry x10  
  94  7:07  Zealot x3  
  94  7:08  Zealot x7  
  84  7:30  Sentry x2  
  84  7:31  Zealot x3  
  84  7:32  Sentry x4  
  100  7:49  Sentry  
  100  7:57  Zealot  
  100  7:58  Zealot x3  
  108  7:59  Sentry  
  108  8:01  Zealot x4  
Tags
 
Add a new tag
Caveats
  • Supply blocks, unpowered buildings, or Contaminate may cause inaccurate times.
  • Supply counts are checked every 10 seconds.